 Dungeon Crawl Stone Soup version 0.25-a0-109-ge9c0e85935 (webtiles) character file.

Game seed: 1993679712920937091, levelgen mode: deterministic

5710 vurker the Cleaver (level 11, -5/87 HPs)
             Began as a Formicid Abyssal Knight on Nov 18, 2019.
             Was an Elder of Lugonu.
             Slain by a yak (8 damage)
             ... on level 9 of the Dungeon.
             The game lasted 00:21:05 (13505 turns).

vurker the Cleaver (Formicid Abyssal Knight)       Turns: 13505, Time: 00:21:05

Health: -5/87      AC: 19    Str: 21    XL:     11   Next: 5%
Magic:  9/17       EV:  6    Int: 11    God:    Lugonu [****..]
Gold:   587        SH:  5    Dex: 10    Spells: 10/10 levels left

rFire    + . .     SeeInvis +   a - +1 battleaxe
rCold    + + .     Gourm    .   y - +1 buckler {AC+3}
rNeg     . . .     Faith    .   D - +0 plate armour
rPois    .         Spirit   .   (helmet unavailable)
rElec    .         Reflect  .   t - +0 cloak {MR+}
rCorr    .         Harm     .   n - +0 pair of gloves
MR       ++...                  (no boots)
Stlth    ..........             (no amulet)
HPRegen  0.24/turn              c - ring of protection from cold
MPRegen  0.15/turn              d - +3 ring of protection

@: no status effects
A: permanent stasis, dig shafts and tunnels, four strong arms, antennae 3, cold
resistance 1, fire resistance 1, wild magic 1
a: Dig, Shaft Self, Depart the Abyss, Bend Space, Banish, Corrupt, Renounce
Religion


You were on level 9 of the Dungeon.
You worshipped Lugonu.
Lugonu was greatly pleased with you.
You were hungry.

You visited 1 branch of the dungeon, and saw 10 of its levels.
You visited the Abyss 1 time.
You also visited: Sewer.

You collected 737 gold pieces.
You spent 150 gold pieces at shops.

Inventory:

Hand Weapons
 a - a +1 battleaxe (weapon)
   (You took it off a wight on level 6 of the Dungeon)
 b - a +1 war axe of flaming
   (You took it off an orc warrior on level 7 of the Dungeon)
Missiles
 B - 2 throwing nets (quivered)
Armour
 n - a +0 pair of gloves (worn)
   (You found it on level 8 of the Dungeon)
 t - a +0 cloak of magic resistance (worn)
   (You took it off Crazy Yiuf on level 5 of the Dungeon)
 y - a +1 buckler of protection (worn)
   (You found it on level 6 of the Dungeon)
 D - a +0 plate armour (worn)
   (You took it off an orc warrior on level 7 of the Dungeon)
Jewellery
 c - a ring of protection from cold (left hand)
   (You found it on level 1 of the Dungeon)
 d - a +3 ring of protection (right hand)
   (You found it on level 6 of the Dungeon)
 w - a +4 ring of evasion
   (You found it on level 5 of the Dungeon)
Wands
 v - a wand of digging (6)
   (You took it off Crazy Yiuf on level 5 of the Dungeon)
 x - a wand of acid (9)
   (You found it on level 5 of the Dungeon)
 E - a wand of polymorph (11)
   (You found it on level 8 of the Dungeon)
 F - a wand of enslavement (7)
   (You found it on level 8 of the Dungeon)
Scrolls
 f - 10 scrolls of remove curse
 k - 3 scrolls of fear
 o - 3 scrolls of immolation
 p - 2 scrolls of fog
 q - 2 scrolls of enchant armour
 r - 2 scrolls of magic mapping
 z - a scroll of enchant weapon
 A - a scroll of acquirement {unknown}
Potions
 g - a potion of ambrosia
 h - a potion of resistance
 i - a potion of invisibility
 j - a potion of lignification
 l - 6 potions of flight
 m - 2 potions of magic
 s - a potion of agility
 u - 4 potions of curing
 C - 2 potions of heal wounds
Comestibles
 e - 14 rations


   Skills:
 + Level 8.9 Fighting
 * Level 10.7 Axes
 - Level 2.1 Armour
 - Level 0.8 Dodging
 - Level 2.6 Shields
 + Level 9.1 Invocations
 - Level 5.0 Evocations


You had 10 spell levels left.
You didn't know any spells.
Your spell library was empty.

Dungeon Overview and Level Annotations

Branches:
Dungeon (10/15)            Temple (0/1) D:5           Sewer (visited)
   Lair: D:8-11         Orc: D:9-12

Altars:
Cheibriados
Fedhas
Gozag
Ru
Xom
Yredelemnul

Shops:
D:4 ?

Annotations:
Abyss:1 Ijyb, Prince Ribbit, Purgy


Innate Abilities, Weirdness & Mutations

You cannot be hasted, slowed, berserked, paralysed or teleported.
You can dig through walls and to a lower floor.
Your four strong arms can wield two-handed weapons with a shield.
You have a pair of large antennae on your head. (SInv)
Your flesh is cold resistant. (rC+)
Your flesh is heat resistant. (rF+)
Your spells are a little harder to cast, but a little more powerful.


Message History

The yak gores you but does no damage. The yak gores you!
You block the hippogriff's attack.
The hippogriff pecks you but does no damage.
The hippogriff claws you.
* * * LOW HITPOINT WARNING * * *
The yak gores you!
* * * LOW HITPOINT WARNING * * *
The yak gores you but does no damage.
You completely miss the yak. You barely miss the yak. You hit the yak.
You slash the hippogriff! The yak gores you but does no damage.
The hippogriff bites you but does no damage.
The hippogriff pecks you but does no damage.
The hippogriff claws you but does no damage.
The yak gores you but does no damage. The yak closely misses you.
You slash the yak! You hit the hippogriff. You slash the yak! You hit the yak.
The yak gores you.
* * * LOW HITPOINT WARNING * * *
You block the hippogriff's attack.
The hippogriff pecks you but does no damage.
You block the hippogriff's attack. The yak gores you!
* * * LOW HITPOINT WARNING * * *
The yak barely misses you.
Your plate armour prevents you from hitting the yak.
You hit the yak but do no damage.
You hit the hippogriff but do no damage.
You slash the yak!
You kill the yak!
Lugonu accepts your kill.
Your Invocations skill increases to level 9!
You have reached level 11!
The hippogriff bites you but does no damage.
The hippogriff barely misses you. You block the hippogriff's attack.
The yak barely misses you. x2
Aim: a hippogriff (severely wounded, chance to defeat MR: 83%)
The hippogriff is devoured by a tear in reality.
Lugonu claims a new guest.
You feel somewhat more hungry. The yak barely misses you.
The yak gores you but does no damage.
You barely miss the yak. You closely miss the yak. The yak gores you.
* * * LOW HITPOINT WARNING * * *
The yak gores you but does no damage.
You closely miss the yak. You hit the yak.
The yak gores you but does no damage. The yak gores you!
* * * LOW HITPOINT WARNING * * *
Aim: a yak (moderately wounded, chance to defeat MR: 86%)
The yak is devoured by a tear in reality.
Lugonu claims a new guest.
You are feeling hungry.
The yak gores you!
You die...

#.# ############ ########## #.#
........<..# #........# #.#
..........(#####........# #.#
...........'...#........# #.#
...........###..........#######.#
...........# ###§§..............#
...........# #§§......#######..
...........# #@Y......# #...
...........# #.#.#....# #.##
...........# #.._.....# #.#
...........# ###.##.### #.#
#######'#### #.##.# #.# #....#
#.##.# #(# ####.##### #....#
####(## #........# #####'##
#...... #........# #......#
###......


You could see a yak.

Vanquished Creatures
  Eustachio (D:6)
  2 yaks (D:9)
  A hungry ghost (D:10)
  2 water moccasins
  2 ice beasts
  2 orc warriors
  3 black bears
  3 phantoms
  2 sky beasts (D:7)
  3 ogres
  A wolf (D:10)
  A centaur (D:9)
  6 bullfrogs
  A big kobold (D:5)
  3 killer bees (D:9)
  A water moccasin skeleton (D:5)
  9 wights
  An electric eel (D:8)
  5 howler monkeys
  4 centaur zombies
  3 bullfrog zombies (D:6)
  5 jellies
  A crimson imp (D:9)
  8 hounds
  2 orc wizards
  Crazy Yiuf (D:5)
  A bullfrog skeleton (D:4)
  3 orc priests
  2 centaur skeletons
  3 iguanas
  5 worker ants
  4 ogre zombies (D:10)
  2 hound zombies (D:6)
  2 hound skeletons
  2 worker ant zombies (D:6)
  16 adders
  4 gnolls
  A shadow imp (D:8)
  3 oozes
  An adder skeleton (D:6)
  An adder zombie (D:7)
  4 worms
  5 dart slugs
  8 leopard geckos
  16 orcs
  14 bats
  4 giant cockroaches
  11 goblins
  8 hobgoblins
  8 jackals
  11 kobolds
  2 quokkas
  5 ball pythons
  12 frilled lizards
  2 goblin skeletons (D:10)
  2 hobgoblin skeletons (D:10)
  A jackal zombie (D:6)
  An orc skeleton (D:10)
  9 orc zombies (D:10)
  12 rats
258 creatures vanquished.

Vanquished Creatures (others)
  A hippogriff (D:9)
  A yak (D:9)
  An ogre (D:6)
  An electric eel (D:8)
  An iguana (D:4)
  A worker ant (D:4)
  2 gnolls (D:4)
8 creatures vanquished.

Grand Total: 266 creatures vanquished

Notes
Turn   | Place    | Note
-------+----------+-------------------------------------------
     0 | Abyss:1  | vurker the Formicid Abyssal Knight began the quest for the
                  | Orb.
     0 | Abyss:1  | Reached XP level 1. HP: 18/18 MP: 2/2
    21 | D:1      | Escaped the Abyss
    25 | D:1      | Noticed an electric eel
    25 | D:1      | Noticed an electric eel
   104 | D:1      | Reached XP level 2. HP: 16/24 MP: 3/3
   339 | D:1      | Reached XP level 3. HP: 29/29 MP: 4/4
   561 | D:1      | Reached ** piety under Lugonu
   803 | D:1      | Reached skill level 3 in Axes
  1095 | D:2      | Reached XP level 4. HP: 18/37 MP: 6/6
  1869 | D:2      | Reached XP level 5. HP: 38/42 MP: 7/7
  2417 | D:3      | Reached skill level 4 in Axes
  2550 | D:3      | Reached *** piety under Lugonu
  2732 | D:3      | Found a faded altar of an unknown god.
  2921 | D:3      | Reached XP level 6. HP: 44/49 MP: 8/8
  3740 | D:4      | Reached skill level 5 in Axes
  3919 | D:4      | Reached XP level 7. HP: 19/55 MP: 10/10
  3931 | D:4      | Found a glowing drain.
  4114 | Sewer    | Entered a sewer
  4235 | Sewer    | Noticed Purgy
  4247 | Sewer    | Banished Purgy
  4247 | Sewer    | Reached skill level 5 in Fighting
  4784 | D:4      | Noticed Ijyb
  4797 | D:4      | Banished Ijyb
  5195 | D:4      | Found Utiam's Magic Scroll Shoppe.
  5269 | D:4      | Bought a scroll of immolation for 35 gold pieces
  5269 | D:4      | Bought a scroll of fog for 20 gold pieces
  5269 | D:4      | Bought a scroll of fear for 35 gold pieces
  5269 | D:4      | Bought a scroll of identify for 20 gold pieces
  5269 | D:4      | Bought a scroll of identify for 20 gold pieces
  5269 | D:4      | Bought a scroll of identify for 20 gold pieces
  5404 | D:4      | Reached skill level 5 in Invocations
  5578 | D:4      | Found a snail-covered altar of Cheibriados.
  5743 | D:5      | Entered Level 5 of the Dungeon
  5798 | D:5      | Reached skill level 6 in Axes
  6114 | D:5      | Found a basalt altar of Yredelemnul.
  6302 | D:5      | Noticed a water moccasin
  6319 | D:5      | Reached XP level 8. HP: 13/63 MP: 11/11
  6323 | D:5      | Reached skill level 1 in Evocations
  6681 | D:5      | Found a staircase to the Ecumenical Temple.
  6861 | D:5      | Found a runed translucent door.
  6862 | D:5      | Noticed Crazy Yiuf
  6975 | D:5      | Killed Crazy Yiuf
  7715 | D:6      | Reached skill level 7 in Axes
  8078 | D:6      | Reached skill level 1 in Shields
  8313 | D:6      | Reached XP level 9. HP: 35/70 MP: 13/13
  9017 | D:6      | Noticed Eustachio
  9042 | D:6      | Killed Eustachio
  9408 | D:7      | Reached skill level 8 in Axes
  9711 | D:7      | Found an opulent altar of Gozag.
  9711 | D:7      | Found a sacrificial altar of Ru.
 10183 | D:7      | Reached **** piety under Lugonu
 10183 | D:7      | Reached XP level 10. HP: 75/79 MP: 15/15
 10270 | D:7      | Reached skill level 9 in Axes
 11010 | D:8      | Reached skill level 5 in Evocations
 11087 | D:8      | Noticed Prince Ribbit
 11101 | D:8      | Banished Prince Ribbit
 11766 | D:8      | Found a shimmering altar of Xom.
 12011 | D:8      | Gained mutation: Your flesh is cold resistant. (rC+)
                  | [potion of mutation]
 12011 | D:8      | Gained mutation: Your spells are a little harder to cast,
                  | but a little more powerful. [potion of mutation]
 12011 | D:8      | Gained mutation: Your flesh is heat resistant. (rF+)
                  | [potion of mutation]
 12229 | D:9      | Found a blossoming altar of Fedhas.
 12791 | D:9      | Reached skill level 10 in Axes
 12925 | D:9      | Found a blossoming altar of Fedhas.
 13077 | D:10     | Entered Level 10 of the Dungeon
 13501 | D:9      | Reached XP level 11. HP: 15/87 MP: 17/17
 13504 | D:9      | HP: 3/87 [yak (10)]
 13505 | D:9      | Slain by a yak

Levels and vault maps discovered:
D:1:      arrival_aquarium_b, layout_loops_ring, minmay_crystal_water
D:2:      layout_loops_ring, first_ration
D:3:      minmay_chambers_of_threes, layout_basic,
          chequers_ecumenical_altar_twisty
D:4:      layout_basic, lemuel_crystal_altar, portal_sewer_entry_b,
          serial_shops, shop, minmay_increasing_density, uniq_ijyb
D:5:      layout_basic, yredelemnul_altar_generic,
          minmay_temple_entry_steel_oval, uniq_crazy_yiuf_cottage
D:6:      layout_basic, serial_undead, serial_undead_b, serial_undead_b,
          serial_undead_e, serial_undead_d, kennysheep_nub, uniq_eustachio
D:7:      layout_rooms, chequers_temple_overflow_statue_of_worship,
          grunt_ogre_cave
D:8:      layout_loops_ring, overflow_temple_1_default, water_boxes_lemuel,
          uniq_prince_ribbit1
D:9:      layout_roguey, lemuel_crystal_altar, fedhas_ov_isle_minmay
D:10:     layout_cave_pools, david_lair_shrubbed, zombieorc2_lemuel, serial_ice,
          serial_ice_m, serial_ice_f, serial_ice_c, serial_ice_e, hex_medium,
          small_chamber_with_monster

Skill      XL: |  1  2  3  4  5  6  7  8  9 10 |
---------------+-------------------------------+-----
Axes           | 3 4 5 6 7 8 10 | 10.7
Invocations    | 3 4 5 6 7 9 |  9.1
Fighting       | 4 5 6 7 8 |  8.9
Evocations     | 2 4 5 |  5.0
Shields        | 1 2 |  2.6
Armour         | |  2.1
Dodging        | |  0.8

Action                   |  1- 3 |  4- 6 |  7- 9 | 10-12 || total
-------------------------+-------+-------+-------+-------++-------
Melee: Hand axe          |    83 |   213 |   249 |       ||   545
       Battleaxe         |       |       |   160 |   278 ||   438
Invok: Banish            |       |       |     7 |     4 ||    11
Evoke: Wand              |       |       |     3 |     1 ||     4
  Use: Potion            |       |     2 |     3 |     2 ||     7
       Scroll            |       |     4 |    10 |     7 ||    21
  Eat: Chunk             |       |    10 |    15 |     9 ||    34
       Ration            |       |       |     2 |     3 ||     5
Armor: Leather armour    |    22 |    58 |    24 |       ||   104
       Chain mail        |       |       |   210 |    19 ||   229
       Plate armour      |       |       |       |   225 ||   225
       Skin              |       |       |       |    11 ||    11
Dodge: Dodged            |    49 |   129 |   247 |    91 ||   516
Block: Buckler           |       |       |    50 |    89 ||   139

Table legend:
 A = Non-vault XP
 B = Vault XP
 C = Vault XP percentage of total XP
 D = Non-vault monster count
 E = Vault monster count
 F = Vault count percentage of total count
                 A         B        C        D         E       F
            +---------+---------+-------+---------+---------+-------
      Total |    6626 |    1532 |  18.8 |     211 |      58 |  21.6
            +---------+---------+-------+---------+---------+-------
        D:1 |      57 |       0 |   0.0 |      26 |       0 |   0.0
        D:2 |      92 |       0 |   0.0 |      29 |       0 |   0.0
        D:3 |     134 |      32 |  19.3 |      23 |      12 |  34.3
        D:4 |     442 |      38 |   7.9 |      19 |       3 |  13.6
        D:5 |     438 |      41 |   8.6 |      13 |       1 |   7.1
        D:6 |     974 |     522 |  34.9 |      25 |      12 |  32.4
        D:7 |    1449 |     121 |   7.7 |      25 |       1 |   3.8
        D:8 |     538 |     203 |  27.4 |      18 |       1 |   5.3
        D:9 |    2134 |     121 |   5.4 |      27 |       1 |   3.6
       D:10 |     368 |     352 |  48.9 |       6 |      20 |  76.9
      Sewer |       0 |     102 | 100.0 |       0 |       7 | 100.0
            +---------+---------+-------+---------+---------+-------
